 Dungeon Crawl Stone Soup version 0.19-a0-1402-g0c1e9a7 (webtiles) character file.

437 Elitist the Chopper (level 7, 0/49 HPs)
             Began as a Halfling Gladiator on Sept 5, 2016.
             Slain by an ogre
             ... wielding a +0 giant club
              (20 damage)
             ... on level 5 of the Dungeon.
             The game lasted 00:07:46 (3463 turns).

Elitist the Chopper (Halfling Gladiator)            Turns: 3463, Time: 00:07:46

Health: 0/49       AC:  7    Str: 18    XL:     7   Next: 21%
Magic:  16/16      EV: 13    Int:  6    God:
Gold:   208        SH:  0    Dex: 15    Spells: 0 memorised, 6 levels left

rFire  . . .     SeeInvis .     a - +0 war axe
rCold  . . .     Gourm    .     r - +0 scale mail
rNeg   . . .     Faith    .     (shield restricted)
rPois  .         Spirit   .     c - +0 helmet
rElec  .         Dismiss  .     (no cloak)
rCorr  .         Reflect  .     (no gloves)
MR     .....     Harm     .     (no boots)
Stlth  ..........               (no amulet)
                                (no ring)
                                j - ring of magical power

@: no status effects
A: mutation resistance 1
a: no special abilities


You were on level 5 of the Dungeon.
You were not hungry.

You visited 1 branch of the dungeon, and saw 5 of its levels.

You collected 208 gold pieces.

Inventory:

Hand Weapons
 a - a +0 war axe (weapon)
Missiles
 d - 3 throwing nets (quivered)
Armour
 c - a +0 helmet (worn)
 r - a +0 scale mail (worn)
Jewellery
 j - a ring of magical power (left hand)
 w - a +3 ring of dexterity {unknown}
Scrolls
 b - a scroll of fear {unknown}
 e - 2 scrolls of remove curse
 g - a scroll of enchant armour
 m - a scroll of amnesia {unknown}
 q - a scroll of magic mapping {unknown}
 s - a scroll of identify {unknown}
 u - a scroll of blinking
Potions
 h - a potion of resistance {unknown}
 i - a potion of lignification {unknown}
 k - 2 potions of degeneration {unknown}
 l - a potion of agility
 n - a potion of haste {unknown}
 p - a potion of mutation {unknown}
 v - a potion of flight {unknown}
Comestibles
 f - 2 bread rations
 o - a beef jerky
 t - a meat ration
 x - 6 chunks of flesh


   Skills:
 + Level 4.6 Fighting
 + Level 5.9 Axes
 - Level 2.0 Throwing
 - Level 3.2 Dodging


You had 6 spell levels left.
You didn't know any spells.

Dungeon Overview and Level Annotations

Branches:
Dungeon (5/15)
 Temple: D:4-7

Altars:
Ru


Innate Abilities, Weirdness & Mutations

You are small and have problems with some larger weapons.
You are somewhat resistant to further mutation.


Message History

The ogre is severely wounded.
The ogre closely misses you.
Your scale mail prevents you from hitting the ogre.
The ogre is severely wounded.
You hit the ogre.
The ogre is almost dead.
The ogre hits you with a giant club.
You hit the ogre but do no damage.
The ogre is almost dead.
The ogre barely misses you.
You hit the ogre but do no damage.
The ogre is severely wounded.
The ogre hits you with a giant club!
You closely miss the ogre.
The ogre is severely wounded.
The ogre closely misses you.
You hit the ogre.
The ogre is almost dead.
The ogre hits you with a giant club!!
You die...

..# #.#
#.# #.#
#.# #.#
#O####.#
#@.....#
########


You could see an ogre.

Vanquished Creatures
  The ghost of MolotovDodgeball the Slasher, an amateur TeGl (D:4)
  2 scorpions (D:4)
  Ijyb (D:2)
  5 adders
  An ooze (D:2)
  An adder skeleton (D:4)
  8 worms
  An orc (D:4)
  6 bats
  12 giant cockroaches
  5 goblins
  12 hobgoblins
  6 kobolds
  A quokka (D:3)
  A giant newt (D:1)
  A jackal skeleton (D:4)
  9 rats
73 creatures vanquished.

Notes
Turn   | Place    | Note
-------+----------+-------------------------------------------
     0 | D:1      | Elitist the Halfling Gladiator began the quest for the Orb.
     0 | D:1      | Reached XP level 1. HP: 14/14 MP: 1/1
   164 | D:1      | Reached XP level 2. HP: 19/19 MP: 2/2
   651 | D:2      | Reached XP level 3. HP: 23/24 MP: 3/3
   703 | D:2      | Noticed Ijyb
   711 | D:2      | Killed Ijyb
   718 | D:2      | Reached skill level 4 in Axes
   718 | D:2      | Reached XP level 4. HP: 19/30 MP: 4/4
  1135 | D:2      | Found a sacrificial altar of Ru.
  1722 | D:3      | Reached XP level 5. HP: 36/36 MP: 5/5
  2524 | D:4      | Reached skill level 5 in Axes
  2524 | D:4      | Reached XP level 6. HP: 35/43 MP: 6/6
  2619 | D:4      | Noticed MolotovDodgeball's ghost (amateur TeGl)
  2630 | D:4      | Killed MolotovDodgeball's ghost
  2630 | D:4      | Reached XP level 7. HP: 15/49 MP: 7/7
  3454 | D:5      | Entered Level 5 of the Dungeon
  3463 | D:5      | Slain by an ogre

Vault maps used:
D:1:      dpeg_arrival_windows_large_door
D:2:      wad_crossroads, nicolae_ru_awakened_eye, uniq_iyjb
D:3:      first_bread, dk_noncrumbling_3
D:4:      corexii_hall_statues_i
D:5:      portal_sewer_entry_f

Skill      XL: |  1  2  3  4  5  6 |
---------------+-------------------+-----
Fighting       | 2 3 4 |  4.6
Axes           | 4 5 |  5.9
Throwing       | |  2.0
Dodging        | |  3.2

Action                   |  1- 3 |  4- 6 |  7- 9 || total
-------------------------+-------+-------+-------++-------
Melee: War axe           |    50 |   154 |    53 ||   257
  Use: Scroll            |     6 |       |       ||     6
       Potion            |       |     2 |       ||     2
  Eat: Chunk             |       |     6 |     2 ||     8
Armor: Leather armour    |     6 |       |       ||     6
       Scale mail        |     5 |    50 |    20 ||    75
       Ring mail         |     1 |       |       ||     1
Dodge: Dodged            |    31 |   102 |    30 ||   163
